 Dungeon Crawl Stone Soup version 0.30.1-11-g7821555f0a (webtiles) character file.

Game seed: 3885250861241261812

25 booth the Trooper (level 2, -3/24 HPs)
             Began as a Demonspawn Monk on Dec 20, 2023.
             Slain by a gnoll
             ... wielding a +0 halberd
              (9 damage)
             ... on level 2 of the Dungeon.
             The game lasted 00:04:46 (912 turns).

booth the Trooper (Demonspawn Monk)                  Turns: 912, Time: 00:04:47

Health: -3/24      AC:  3    Str: 11    XL:     2   Next: 82%
Magic:  2/2        EV: 12    Int: 11    God:
Gold:   87         SH:  0    Dex: 15    Spells: 1/1 levels left

rFire   . . .        a - +0 hand axe
rCold   . . .        d - orb {light}
rNeg    . . .        h - +0 leather armour
rPois   .            (no helmet)
rElec   .            (no cloak)
rCorr   .            (no gloves)
SInv    .            (no boots)
Will    .....        (no amulet)
Stlth   +            (no ring)
HPRegen 0.24/turn    (no ring)
MPRegen 0.08/turn

%: no passive effects
@: confused, ambrosia-drunk, glowing
A: claws 1
a: no special abilities


You were on level 2 of the Dungeon.
You visited 1 branch of the dungeon, and saw 2 of its levels.

You collected 87 gold pieces.

Inventory:

Hand Weapons
 a - a +0 hand axe (weapon)
Missiles
 e - a throwing net (quivered)
Armour
 b - a +0 robe
 d - an orb of light (worn)
 h - a +0 leather armour (worn)
Scrolls
 f - a scroll of poison {unknown}
 g - a scroll of amnesia {unknown}
 i - 3 scrolls of teleportation {unknown}
 j - 2 scrolls of silence
 k - a scroll of fog {unknown}
 m - a scroll of vulnerability {unknown}


   Skills:
 + Level 3.3 Fighting
 * Level 3.2 Axes
 - Level 2.9 Dodging


You had one spell level left.
You didn't know any spells.
Your spell library contained the following spells:

 Spells                   Type           Power      Damage    Failure   Level
 Ensorcelled Hibernation  Hex/Ice        0%         N/A       56%         2
 Passwall                 Tmut/Erth      0%         N/A       56%         2
 Swiftness                Air            0%         N/A       80%         3


Dungeon Overview and Level Annotations

Branches:
Dungeon (2/15)

Altars:


Innate Abilities, Weirdness & Mutations

You have sharp fingernails.


Message History

A gnoll comes into view. It is wielding a +0 whip.
The gnoll shouts!
Unknown command.
You hit the gnoll.
The gnoll is moderately wounded.
The gnoll hits you with a +0 whip!
You completely miss the gnoll.
The gnoll is moderately wounded.
A gnoll comes into view. It is wielding a +0 flail.
The gnoll barely misses you. The gnoll closely misses you.
The gnoll barely misses you.
You hit the gnoll but do no damage. x2; The gnoll hits you with a +0 halberd!
The gnoll hits you with a +0 whip!
* * * LOW HITPOINT WARNING * * *
You are confused.
You feel invigorated. The gnoll hits you with a +0 whip.
* * * LOW HITPOINT WARNING * * *
The gnoll barely misses you.
You hit the gnoll.
The gnoll is moderately wounded.
You closely miss the gnoll. The gnoll hits you with a +0 halberd!
* * * LOW HITPOINT WARNING * * *
The gnoll hits you but does no damage.
You bump into the rock wall.
The gnoll hits you with a +0 whip.
* * * LOW HITPOINT WARNING * * *
The gnoll closely misses you.
You're too confused to move!
The gnoll barely misses you. The gnoll misses you.
You bump into the rock wall.
The gnoll hits you with a +0 halberd!
* * * LOW HITPOINT WARNING * * *
The gnoll completely misses you.
You hit the gnoll but do no damage.
The gnoll is moderately wounded.
You hit the gnoll but do no damage. The gnoll hits you with a +0 halberd!
You die...

#g.....# #......#
#.....[# ####.###
.. #.# ... #.##
.... #.g# ....#
##g# #####
.....#####@##
....## ........g..#
.....## ##.......#
......# #.......#
......#####...#####
..............#
.)....##......#
......#####...#
.....## #...#


You could see 3 gnolls.

Vanquished Creatures
  A dart slug (D:1)
  2 endoplasms (D:1)
  A giant cockroach (D:2)
  2 goblins (D:1)
  2 hobgoblins (D:1)
  2 jackals (D:1)
  2 quokkas (D:1)
  3 ball pythons (D:1)
  A bat (D:1)
  3 frilled lizards (D:1)
  3 rats (D:1)
22 creatures vanquished.

Notes
Turn   | Place    | Note
-------+----------+-------------------------------------------
     0 | D:1      | booth the Demonspawn Monk began the quest for the Orb.
     0 | D:1      | Reached XP level 1. HP: 18/18 MP: 1/1
   154 | D:1      | Gained mutation: You have sharp fingernails. [demonic
                  | ancestry]
   154 | D:1      | Reached XP level 2. HP: 18/24 MP: 2/2
   288 | D:1      | Found a faded altar of an unknown god.
   908 | D:2      | HP: 1/24 [gnoll/+0 halberd (9)]
   912 | D:2      | Slain by a gnoll

Illustrated notes

Levels and vault maps discovered:
D:1:      scummos_arrival_star, layout_loops_ring,
          chequers_ecumenical_altar_simple, corexii_leaking_fountain
D:2:      layout_rooms, st_stairs_1, grunt_ministairs_2

Skill      XL: |  1  2 |
---------------+-------+-----
Axes           | 3 |  3.2
Fighting       | |  3.3
Dodging        | |  2.9

Action                     || total
---------------------------++-------
  Melee: Hand axe          ||    65
    Use: Potion            ||     2
         Scroll            ||     1
 Armour: Robe              ||     4
         Leather armour    ||     8
  Dodge: Dodged            ||    39
